 Dungeon Crawl Stone Soup version 0.27.1-34-g3ba077fa99 (webtiles) character file.

Game seed: 8009558812920053470

1338 vvl the Ruffian (level 8, -3/67 HPs)
             Began as a Black Draconian Transmuter on Jan 22, 2022.
             Slain by a manticore (16 damage)
             ... on level 7 of the Dungeon.
             The game lasted 00:11:55 (9239 turns).

vvl the Ruffian (Black Draconian Transmuter)        Turns: 9239, Time: 00:11:58

Health: -3/67      AC:  6    Str: 15    XL:     8   Next: 35%
Magic:  14/14      EV: 13    Int: 14    God:
Gold:   269        SH:  0    Dex: 11    Spells: 14/15 levels left

rFire    x . .     SeeInvis .   w - +2 quarterstaff (vorpal)
rCold    + . .     Faith    .   (shield currently unavailable)
rNeg     + . .     Spirit   .   (armour unavailable)
rPois    .         Reflect  .   (helmet currently unavailable)
rElec    +         Harm     .   (no cloak)
rCorr    .         Rampage  .   (no gloves)
Will     .....                  (boots currently unavailable)
Stlth    +.........             (no amulet)
HPRegen  0.21/turn              e - ring of positive energy
MPRegen  0.14/turn              n - ring of ice

@: appendages
A: horns 2, talons 2, breathe lightning, AC +6, unfitting armour, electricity
resistance, cold-blooded
a: Breathe Lightning, End Transformation


You were on level 7 of the Dungeon.
You had temporarily grown beastly horns and talons.
You visited 2 branches of the dungeon, and saw 8 of its levels.

You collected 269 gold pieces.

Inventory:

Hand Weapons
 w - a +2 vorpal quarterstaff (weapon)
Missiles
 f - 44 bolts
Magical Staves
 c - a staff of cold
Jewellery
 e - a ring of positive energy (left hand)
 n - a ring of ice (right hand)
Wands
 m - a wand of flame (19)
 t - a wand of acid (8)
Scrolls
 d - 3 scrolls of teleportation {unknown}
 g - a scroll of holy word {unknown}
 h - 2 scrolls of amnesia {unknown}
 j - a scroll of torment {unknown}
 l - 2 scrolls of enchant armour {unknown}
 o - 2 scrolls of immolation {unknown}
 s - a scroll of brand weapon {unknown}
 u - a scroll of silence {unknown}
 v - 3 scrolls of identify {unknown}
 x - a scroll of enchant weapon {unknown}
 y - a scroll of blinking {unknown}
Potions
 a - a potion of invisibility {unknown}
 b - 4 potions of haste
 i - 3 potions of heal wounds {unknown}
 k - a potion of flight {unknown}
 p - a potion of might {unknown}
 q - 2 potions of berserk rage {unknown}
 r - a potion of attraction {unknown}
 z - a potion of brilliance {unknown}


   Skills:
 + Level 4.4 Fighting
 + Level 4.0 Dodging
 + Level 4.9 Unarmed Combat
 + Level 4.0 Spellcasting
 + Level 0.0 Conjurations
 + Level 2.9 Summonings
 + Level 4.3 Transmutations
 + Level 3.6 Ice Magic


You had 14 spell levels left.
You knew the following spells:

 Your Spells              Type           Power      Damage    Failure   Level
a - Beastly Appendage     Tmut           28%        N/A       3%          1

Your spell library contained the following spells:

 Spells                   Type           Power      Damage    Failure   Level
 Wereblood                Tmut           14%        N/A       4%          2
 Frozen Ramparts          Ice            38%        1d5       13%         3
 Spider Form              Tmut/Pois      4%         N/A       24%         3
 Ice Form                 Ice/Tmut       20%        N/A       36%         4
 Summon Ice Beast         Ice/Summ       18%        N/A       45%         4
 Gell's Gravitas          Tloc           1%         N/A       50%         3
 Teleport Other           Tloc           2%         N/A       50%         3
 Dispersal                Tloc           1%         N/A       100%        6


Dungeon Overview and Level Annotations

Branches:
Dungeon (7/15)             Temple (1/1) D:5

Altars:
Ashenzari
Cheibriados
Dithmenos
Elyvilon
Fedhas
Gozag
Hepliaklqana
Kikubaaqudgha
Makhleb
Nemelex Xobeh
Okawaru
Qazlal
Ru
Sif Muna
Trog
Uskayaw
Vehumet
Wu Jian
Xom
Yredelemnul
Zin
The Shining One

Shops:
D:1 *


Innate Abilities, Weirdness & Mutations

You have temporarily grown beastly horns and talons.
You can breathe wild blasts of lightning.
Your glossy black scales are hard. (AC +6)
You cannot fit into any form of body armour.
You are resistant to electric shocks. (rElec)
You are cold-blooded and may be slowed by cold attacks.


Message History

The barbed spikes become lodged in your body.
The barbs in your skin will harm you if you move.
Continue?
Magic restored.
The manticore flicks its tail.
The volley of spikes hits you!!
The barbed spikes become lodged in your body.
* * * LOW HITPOINT WARNING * * *
The barbed spikes dig painfully into your body as you move.
* * * LOW HITPOINT WARNING * * *
You climb upwards.
There is a stone staircase leading down here.
You start resting.
Your transformation is almost over.
You start resting.
You carefully extract the barbed spikes from your body.
You start resting.
Your horns disappear.
Your talons disappear.
You start resting.
You start resting.
HP restored.
You start waiting.
Done waiting.
You grow a pair of large bovine horns.
Your feet morph into talons.
You climb downwards.
There is a stone staircase leading up, spattered with blood here.
The manticore bites you!!
The manticore claws you but does no damage.
The manticore claws you!
You sock the manticore!
The manticore is moderately wounded.
The manticore misses you.
The manticore claws you but does no damage.
The manticore barely misses you.
You closely miss the manticore.
You tail-slap the manticore, but do no damage.
The manticore is moderately wounded.
The manticore bites you!! The manticore claws you!
* * * LOW HITPOINT WARNING * * *
The manticore misses you. The manticore bites you!
You die...

## .##
..#####
#####H......
#..<@..<.#
#....$..##
#.......#
#....#.##
##...#.#
#.#.#.#
#.#.# .
#.#.. .


You could see a manticore.

Vanquished Creatures
  Menkaure (D:4)
  A sky beast (D:6)
  An ice beast (D:6)
  2 ogres (D:6)
  5 scorpions
  A water moccasin skeleton (D:6)
  A howler monkey (D:6)
  A bullfrog zombie (D:5)
  3 centaur zombies
  A hound (D:4)
  A centaur skeleton (D:4)
  2 jellies (D:6)
  A bullfrog skeleton (D:5)
  3 iguanas
  A killer bee zombie (D:5)
  4 adders
  A white imp (D:5)
  An ufetubus (D:6)
  3 worms
  3 dart slugs
  3 orcs
  10 bats
  5 endoplasms
  A giant cockroach (D:4)
  4 goblins
  7 hobgoblins
  2 kobolds
  6 quokkas
  7 ball pythons
  A frilled lizard (D:1)
  9 rats
92 creatures vanquished.

Vanquished Creatures (others)
  A hound (D:5)
  2 iguanas (D:5)
  A quokka (D:5)
4 creatures vanquished.

Grand Total: 96 creatures vanquished

Notes
Turn   | Place    | Note
-------+----------+-------------------------------------------
     0 | D:1      | vvl the Draconian Transmuter began the quest for the Orb.
     0 | D:1      | Reached XP level 1. HP: 16/16 MP: 3/3
   298 | D:1      | Found Wiuvokh's Assorted Antiques.
   484 | D:1      | Reached XP level 2. HP: 18/23 MP: 3/5
  1357 | D:2      | Reached XP level 3. HP: 19/29 MP: 4/6
  1565 | D:2      | Reached skill level 1 in Ice Magic
  1571 | D:2      | HP: 1/29 [poisoned by an adder]
  2663 | D:3      | Reached XP level 4. HP: 36/36 MP: 5/7
  3183 | D:4      | Noticed a scorpion
  3540 | D:4      | Killed a scorpion
  3541 | D:4      | Reached XP level 5. HP: 12/42 MP: 7/9
  3912 | D:4      | Noticed Menkaure
  3916 | D:5      | Entered Level 5 of the Dungeon
  4162 | D:4      | Killed Menkaure
  4163 | D:4      | Reached XP level 6. HP: 11/50 MP: 10/10
  4422 | D:4      | Reached skill level 1 in Summonings
  4477 | D:4      | HP: 2/51 [poisoned by a scorpion]
  5855 | D:5      | Your scales start taking on a glossy black colour.
  5855 | D:5      | Reached XP level 7. HP: 49/57 MP: 11/11
  5855 | D:5      | Gained mutation: You are resistant to electric shocks.
                  | (rElec) [Black Draconian growth]
  6352 | D:5      | Found a shimmering altar of Xom.
  6396 | D:5      | Found a staircase to the Ecumenical Temple.
  6856 | Temple   | Entered the Ecumenical Temple
  7391 | D:6      | Reached XP level 8. HP: 51/66 MP: 13/13
  8812 | D:7      | Noticed a manticore
  8820 | D:7      | HP: 1/67 [barbs]
  9239 | D:7      | Slain by a manticore

Illustrated notes

Levels and vault maps discovered:
D:1:      amcnicky_arrival_blooded_trapdoor, layout_loops_corners, serial_shops,
          shop_statue
D:2:      layout_loops_ring
D:3:      layout_basic
D:4:      layout_cave_pools, uniq_menkaure
D:5:      minmay_evil_eye, layout_basic, xom_confusion_cloud,
          minmay_temple_entry_junction, kennysheep_generic_room_7
D:6:      layout_loops_ring
D:7:      layout_rooms, nzn_ghost_randoct, chequers_serial_rivers_room_a,
          kennysheep_generic_room_6, uniq_duvessa
Temple:   nicolae_temple_the_god_donut

Skill      XL: |  1  2  3  4  5  6  7  8 |
---------------+-------------------------+-----
Dodging        | 2 3 4 |  4.0
Ice Magic      | 1 2 3 |  3.6
Fighting       | 2 3 4 |  4.4
Spellcasting   | 3 4 |  4.0
Transmutations | 3 4 |  4.3
Summonings     | 1 2 |  2.9
Unarmed Combat | 4 |  4.9

Action                   |  1- 3 |  4- 6 |  7- 9 || total
-------------------------+-------+-------+-------++-------
Melee: Unarmed           |   117 |       |       ||   117
       Kick              |    19 |    24 |    16 ||    59
       Tailslap          |    10 |     8 |    11 ||    29
       Headbutt          |     7 |     9 |    10 ||    26
       Punch             |     1 |     2 |     1 ||     4
       Trident           |    19 |   131 |    20 ||   170
       Quarterstaff      |       |       |    70 ||    70
 Cast: Beastly Appendage |    32 |    22 |    18 ||    72
 Abil: Breathe Lightning |       |       |     2 ||     2
  Use: Potion            |       |     3 |       ||     3
 Stab: Sleeping          |     2 |       |       ||     2
Armor: Skin              |    47 |    60 |    40 ||   147
Dodge: Dodged            |    72 |   102 |    78 ||   252
